TOP OF THE 1ST |
Wake Forest Demon Deacons batting - Pitching for Oregon Ducks : LHP Richard Taylor
|
Pitching: LHP Richard Taylor
|
|
Batting: RHB Tyler Robinson
|
0-0: Called Strike 0-1: Ball 1-1: Ball 2-1: Swinging Strike 2-2: Strikes out swinging
|
Batting: RHB Jack Hogan
|
0-0: Called Strike 0-1: Foul Ball, location: 2F 0-2: Ball 1-2: Strikes out looking
|
Batting: LHB Don Harris
|
0-0: Ball 1-0: Swinging Strike 1-1: Fly out, F8 (Flyball, 89XD)
|
Top of the 1st over - 0 runs, 0 hits, 0 errors, 0 left on base; Wake Forest 0 - Oregon 0 |
BOTTOM OF THE 1ST |
Oregon Ducks batting - Pitching for Wake Forest Demon Deacons : RHP Ken Henry
|
Pitching: RHP Ken Henry
|
|
Batting: RHB Floyd Turner
|
0-0: Foul Ball, location: 2F 0-1: Ball 1-1: Ball 2-1: Fly out, F7 (Line Drive, 7)
|
Batting: LHB Mike Sims
|
0-0: Ball 1-0: Fly out, F7 (Flyball, 7)
|
Batting: RHB Greg Huggins
|
0-0: Ball 1-0: Swinging Strike 1-1: Ball 2-1: Fly out, F8 (Flyball, 8RD)
|
Bottom of the 1st over - 0 runs, 0 hits, 0 errors, 0 left on base; Wake Forest 0 - Oregon 0 |
TOP OF THE 2ND |
Wake Forest Demon Deacons batting - Pitching for Oregon Ducks : LHP Richard Taylor
|
Batting: RHB Mike Pope
|
0-0: Ball 1-0: Swinging Strike 1-1: Foul Ball, location: 2F 1-2: Ball 2-2: Strikes out looking
|
Batting: RHB Rob Miller
|
0-0: SOLO HOME RUN (Line Drive, 7D), Distance : 363 ft
|
Batting: RHB Tim Workman
|
0-0: Called Strike 0-1: Swinging Strike 0-2: Ball 1-2: Strikes out swinging
|
Batting: RHB Doug Dunlap
|
0-0: Foul Ball, location: 2F 0-1: Foul Ball, location: 2F 0-2: SOLO HOME RUN (Flyball, 9LD), Distance : 331 ft
|
Batting: LHB Nick Smith
|
0-0: Ball 1-0: Ball 2-0: Ball 3-0: Called Strike 3-1: Base on Balls
|
Batting: RHB William Hudson
|
0-0: Foul Ball, location: 2F 0-1: Ground out 1-3 (Groundball, 13S)
|
Top of the 2nd over - 2 runs, 2 hits, 0 errors, 1 left on base; Wake Forest 2 - Oregon 0 |
BOTTOM OF THE 2ND |
Oregon Ducks batting - Pitching for Wake Forest Demon Deacons : RHP Ken Henry
|
Batting: LHB Kay Hennessey
|
0-0: Ball 1-0: Ball 2-0: Foul Ball, location: 2F 2-1: Called Strike 2-2: Foul Ball, location: 2F 2-2: Foul Ball, location: 2F 2-2: Ground out 3-1 (Groundball, 23)
|
Batting: RHB Scott Elliott
|
0-0: Called Strike 0-1: Swinging Strike 0-2: Ball 1-2: Ball 2-2: Ball 3-2: Foul Ball, location: 2F 3-2: SINGLE (Groundball, 56D)
|
Batting: RHB Ed Hines
|
0-0: Ball 1-0: Called Strike 1-1: Ball 2-1: Foul Ball, location: 2F 2-2: Ball 3-2: Foul Ball, location: 2F 3-2: Strikes out swinging
|
Batting: RHB Robin Mitchell
|
0-0: Foul Ball, location: 2F 0-1: Called Strike 0-2: Ball 1-2: Fly out, F7 (Flyball, 7LS)
|
Bottom of the 2nd over - 0 runs, 1 hit, 0 errors, 1 left on base; Wake Forest 2 - Oregon 0 |
TOP OF THE 3RD |
Wake Forest Demon Deacons batting - Pitching for Oregon Ducks : LHP Richard Taylor
|
Batting: RHB Tyler Robinson
|
0-0: Ball 1-0: Swinging Strike 1-1: Swinging Strike 1-2: Strikes out swinging
|
Batting: RHB Jack Hogan
|
0-0: Called Strike 0-1: Ground out 1-3 (Groundball, 13)
|
Batting: LHB Don Harris
|
0-0: Ball 1-0: Ball 2-0: Ball 3-0: Base on Balls
|
Batting: RHB Mike Pope
|
0-0: Ball 1-0: Called Strike 1-1: Ground out 4-3 (Groundball, 4)
|
Top of the 3rd over - 0 runs, 0 hits, 0 errors, 1 left on base; Wake Forest 2 - Oregon 0 |
BOTTOM OF THE 3RD |
Oregon Ducks batting - Pitching for Wake Forest Demon Deacons : RHP Ken Henry
|
Batting: RHB César Fuentes
|
0-0: Swinging Strike 0-1: Called Strike 0-2: Ball 1-2: SINGLE (Groundball, 34S) (infield hit)
|
Batting: RHB Douglas Turry
|
0-0: Swinging Strike 0-1: Ground out 5-3 (Groundball, 56S) César Fuentes to second
|
Batting: RHB Floyd Turner
|
0-0: Ball 1-0: Called Strike 1-1: Ball 2-1: Ball 3-1: SINGLE (Groundball, 34S) (infield hit) César Fuentes to third
|
Batting: LHB Mike Sims
|
0-0: Foul Ball, location: 2F 0-1: Ball 1-1: Called Strike 1-2: Strikes out looking
|
Batting: RHB Greg Huggins
|
0-0: Ball 1-0: Ground out 5-3 (Groundball, 56S)
|
Bottom of the 3rd over - 0 runs, 2 hits, 0 errors, 2 left on base; Wake Forest 2 - Oregon 0 |
TOP OF THE 4TH |
Wake Forest Demon Deacons batting - Pitching for Oregon Ducks : LHP Richard Taylor
|
Batting: RHB Rob Miller
|
0-0: Ball 1-0: Fly out, F9 (Flyball, 9LS)
|
Batting: RHB Tim Workman
|
0-0: Foul Ball, location: 2F 0-1: Ball 1-1: Foul Ball, location: 2F 1-2: Ball 2-2: Foul Ball, location: 2F 2-2: Ground out 5-3 (Groundball, 56S)
|
Batting: RHB Doug Dunlap
|
0-0: Ball 1-0: SOLO HOME RUN (Flyball, 8RXD), Distance : 392 ft
|
Batting: LHB Nick Smith
|
0-0: Ground out 4-3 (Groundball, 4)
|
Top of the 4th over - 1 run, 1 hit, 0 errors, 0 left on base; Wake Forest 3 - Oregon 0 |
BOTTOM OF THE 4TH |
Oregon Ducks batting - Pitching for Wake Forest Demon Deacons : RHP Ken Henry
|
Batting: LHB Kay Hennessey
|
0-0: Ball 1-0: Swinging Strike 1-1: Foul Ball, location: 2F 1-2: Foul Ball, location: 2F 1-2: Foul Ball, location: 2F 1-2: Foul Ball, location: 2F 1-2: Strikes out swinging
|
Batting: RHB Scott Elliott
|
0-0: Called Strike 0-1: Ball 1-1: Ball 2-1: Foul Ball, location: 2F 2-2: Foul Ball, location: 2F 2-2: Foul Ball, location: 2F 2-2: Ball 3-2: Strikes out swinging
|
Batting: RHB Ed Hines
|
0-0: Called Strike 0-1: Foul Ball, location: 2F 0-2: Ball 1-2: Strikes out swinging
|
Bottom of the 4th over - 0 runs, 0 hits, 0 errors, 0 left on base; Wake Forest 3 - Oregon 0 |
TOP OF THE 5TH |
Wake Forest Demon Deacons batting - Pitching for Oregon Ducks : LHP Richard Taylor
|
Batting: RHB William Hudson
|
0-0: Foul Ball, location: 2F 0-1: Foul Ball, location: 2F 0-2: Strikes out swinging
|
Batting: RHB Tyler Robinson
|
0-0: Called Strike 0-1: Swinging Strike 0-2: Ball 1-2: SINGLE (Groundball, 4MD)
|
Batting: RHB Jack Hogan
|
0-0: Ball 1-0: Foul Ball, location: 2F 1-1: Ball 2-1: Foul Ball, location: 2F 2-2: Foul Ball, location: 2F 2-2: Ball 3-2: Grounds into double play, 6-4-3 (Groundball, 6)
|
Top of the 5th over - 0 runs, 1 hit, 0 errors, 0 left on base; Wake Forest 3 - Oregon 0 |
BOTTOM OF THE 5TH |
Oregon Ducks batting - Pitching for Wake Forest Demon Deacons : RHP Ken Henry
|
Batting: RHB Robin Mitchell
|
0-0: Called Strike 0-1: Ball 1-1: Ball 2-1: Foul Ball, location: 2F 2-2: Strikes out looking
|
Batting: RHB César Fuentes
|
0-0: Ground out 4-3 (Groundball, 4)
|
Batting: RHB Douglas Turry
|
0-0: Called Strike 0-1: Fly out, F7 (Flyball, 78S)
|
Bottom of the 5th over - 0 runs, 0 hits, 0 errors, 0 left on base; Wake Forest 3 - Oregon 0 |
TOP OF THE 6TH |
Wake Forest Demon Deacons batting - Pitching for Oregon Ducks : LHP Richard Taylor
|
Batting: LHB Don Harris
|
0-0: SINGLE (Flyball, 89S)
|
Batting: RHB Mike Pope
|
0-0: Ball 1-0: Foul Ball, location: 2F 1-1: Swinging Strike 1-2: Foul Ball, location: 2F 1-2: Ball Don Harris steals 2nd base 2-2: Strikes out swinging
|
Batting: RHB Rob Miller
|
0-0: Ball 1-0: Called Strike 1-1: Called Strike 1-2: Fly out, F8 (Flyball, 78D)
|
Pitching: RHP Miguel Pérez
|
|
Batting: RHB Tim Workman
|
0-0: Ball 1-0: Swinging Strike 1-1: SINGLE (Groundball, 4MD) Don Harris to third Runner from 3rd tries for Home, SAFE, no throw
|
Batting: RHB Doug Dunlap
|
0-0: Ball 1-0: Called Strike 1-1: Called Strike 1-2: Foul Ball, location: 2F 1-2: Strikes out looking
|
Top of the 6th over - 1 run, 2 hits, 0 errors, 1 left on base; Wake Forest 4 - Oregon 0 |
BOTTOM OF THE 6TH |
Oregon Ducks batting - Pitching for Wake Forest Demon Deacons : RHP Ken Henry
|
Batting: RHB Floyd Turner
|
0-0: Ball 1-0: Ball 2-0: Foul Ball, location: 2F 2-1: Foul Ball, location: 2F 2-2: Ball 3-2: Strikes out swinging
|
Pitching: RHP Willie Martínez
|
|
Batting: LHB Mike Sims
|
0-0: Called Strike 0-1: Ground out U3 (Groundball, 3L)
|
Batting: RHB Greg Huggins
|
0-0: Ball 1-0: Foul Ball, location: 2F 1-1: Swinging Strike 1-2: Foul Ball, location: 2F 1-2: SOLO HOME RUN (Flyball, 7D), Distance : 369 ft
|
Batting: LHB Kay Hennessey
|
0-0: Called Strike 0-1: Ground out 4-3 (Groundball, 4)
|
Bottom of the 6th over - 1 run, 1 hit, 0 errors, 0 left on base; Wake Forest 4 - Oregon 1 |
TOP OF THE 7TH |
Wake Forest Demon Deacons batting - Pitching for Oregon Ducks : RHP Miguel Pérez
|
Batting: LHB Nick Smith
|
0-0: Ball 1-0: Foul Ball, location: 2F 1-1: Ball 2-1: Foul Ball, location: 2F 2-2: Foul Ball, location: 2F 2-2: Strikes out swinging
|
Batting: RHB William Hudson
|
0-0: Called Strike 0-1: Foul Ball, location: 2F 0-2: Strikes out looking
|
Batting: RHB Tyler Robinson
|
0-0: Ball 1-0: Called Strike 1-1: Ball 2-1: Foul Ball, location: 2F 2-2: Strikes out swinging
|
Top of the 7th over - 0 runs, 0 hits, 0 errors, 0 left on base; Wake Forest 4 - Oregon 1 |
BOTTOM OF THE 7TH |
Oregon Ducks batting - Pitching for Wake Forest Demon Deacons : RHP Willie Martínez
|
Batting: RHB Scott Elliott
|
0-0: Ground out 1-3 (Groundball, 13)
|
Batting: RHB Ed Hines
|
0-0: Ball 1-0: Ball 2-0: Ball 3-0: Called Strike 3-1: Base on Balls
|
Batting: RHB Robin Mitchell
|
0-0: Called Strike 0-1: 2-RUN HOME RUN (Flyball, 7LD), Distance : 319 ft
|
Pitching: RHP Javier Morán
|
|
Batting: RHB César Fuentes
|
0-0: Ball 1-0: Called Strike 1-1: Ball 2-1: Ball 3-1: Base on Balls
|
Batting: RHB Douglas Turry
|
0-0: Ball 1-0: Called Strike 1-1: Called Strike 1-2: Foul Ball, location: 2F 1-2: Strikes out swinging
|
Batting: RHB Floyd Turner
|
0-0: Ball 1-0: Called Strike 1-1: Ball 2-1: Fly out, F9 (Flyball, 89M)
|
Bottom of the 7th over - 2 runs, 1 hit, 0 errors, 1 left on base; Wake Forest 4 - Oregon 3 |
TOP OF THE 8TH |
Wake Forest Demon Deacons batting - Pitching for Oregon Ducks : RHP Miguel Pérez
|
Batting: RHB Jack Hogan
|
0-0: Called Strike 0-1: Ball 1-1: Ball 2-1: Called Strike 2-2: Strikes out swinging
|
Batting: LHB Don Harris
|
0-0: Called Strike 0-1: Ball 1-1: Ball 2-1: Swinging Strike 2-2: SINGLE (Line Drive, 9S)
|
Batting: RHB Mike Pope
|
0-0: Ball 1-0: Swinging Strike 1-1: Ball 2-1: Called Strike 2-2: Strikes out swinging
|
Pinch Hitting: RHB William Allen
|
0-0: Called Strike 0-1: Ball 1-1: Foul Ball, location: 2F 1-2: Fly out, F7 (Line Drive, 78M)
|
Top of the 8th over - 0 runs, 1 hit, 0 errors, 1 left on base; Wake Forest 4 - Oregon 3 |
BOTTOM OF THE 8TH |
Oregon Ducks batting - Pitching for Wake Forest Demon Deacons : RHP Javier Morán
|
Pitching: LHP David Vallabares
|
|
Now at 2B: Paul Turner
|
|
Batting: LHB Mike Sims
|
0-0: Foul Ball, location: 2F 0-1: Ball 1-1: Called Strike 1-2: Strikes out looking
|
Pitching: RHP Tracy Ferguson
|
|
Batting: RHB Greg Huggins
|
0-0: Ball 1-0: Swinging Strike 1-1: Called Strike 1-2: Foul Ball, location: 2F 1-2: Foul Ball, location: 2F 1-2: Foul Ball, location: 2F 1-2: Ball 2-2: Strikes out looking
|
Batting: LHB Kay Hennessey
|
0-0: Ball 1-0: Ball 2-0: Fly out, F7 (Flyball, 7)
|
Bottom of the 8th over - 0 runs, 0 hits, 0 errors, 0 left on base; Wake Forest 4 - Oregon 3 |
TOP OF THE 9TH |
Wake Forest Demon Deacons batting - Pitching for Oregon Ducks : RHP Miguel Pérez
|
Pitching: RHP Jason McBride
|
|
Batting: RHB Tim Workman
|
0-0: Ball 1-0: SOLO HOME RUN (Flyball, 7LD), Distance : 316 ft
|
Batting: RHB Doug Dunlap
|
0-0: Ball 1-0: Called Strike 1-1: Ball 2-1: Ball 3-1: Base on Balls
|
Batting: LHB Nick Smith
|
0-0: Ball 1-0: Foul Ball, location: 2F 1-1: Fly out, F9 (Flyball, 89S)
|
Batting: RHB William Hudson
|
0-0: Called Strike 0-1: Ball 1-1: Ball 2-1: Ball 3-1: Swinging Strike 3-2: Base on Balls Doug Dunlap to second
|
Batting: RHB Tyler Robinson
|
0-0: Foul Ball, location: 2F 0-1: Ball 1-1: Ball 2-1: Foul Ball, location: 2F 2-2: Ball 3-2: Base on Balls Doug Dunlap to third William Hudson to second
|
Batting: RHB Jack Hogan
|
0-0: Ball 1-0: Called Strike 1-1: Called Strike 1-2: Ball 2-2: Fly out, F8 (Flyball, 8RM) Runner from 3rd tags up, SCORES, throw made
|
Batting: LHB Don Harris
|
0-0: Ball 1-0: Ball 2-0: Fielders Choice at 2nd, 5-4 (Groundball, 56)
|
Top of the 9th over - 2 runs, 1 hit, 0 errors, 2 left on base; Wake Forest 6 - Oregon 3 |
BOTTOM OF THE 9TH |
Oregon Ducks batting - Pitching for Wake Forest Demon Deacons : RHP Tracy Ferguson
|
Batting: RHB Scott Elliott
|
0-0: Ball 1-0: Ball 2-0: Ball 3-0: Called Strike 3-1: Fly out, F6 (Popup, 56)
|
Batting: RHB Ed Hines
|
0-0: Ball 1-0: Fly out, F7 (Flyball, 7)
|
Batting: RHB Robin Mitchell
|
0-0: Swinging Strike 0-1: Ball 1-1: Ground out 6-3 (Groundball, 56)
|
Bottom of the 9th over - 0 runs, 0 hits, 0 errors, 0 left on base; Wake Forest 6 - Oregon 3 |
|